 Dungeon Crawl Stone Soup version 0.28.0-49-g6dfe1f597d (webtiles) character file.

Game seed: 4564838252526958442

2923 Exodus22XD the Cleaver (level 9, -1/81 HPs)
             Began as a Minotaur Fighter on May 20, 2022.
             Was a Believer of Ignis.
             Slain by a tengu warrior
             ... wielding a +2 vorpal battleaxe
              (2 damage)
             ... on level 8 of the Dungeon.
             The game lasted 00:07:01 (7512 turns).

Exodus22XD the Cleaver (Minotaur Fighter)           Turns: 7512, Time: 00:07:02

Health: -1/81      AC: 21    Str: 26    XL:     9   Next: 50%
Magic:  8/8        EV:  9    Int:  5    God:    Ignis [**....]
Gold:   426        SH:  5    Dex:  9    Spells: 8/8 levels left

rFire   + . .      SeeInvis .   a - +0 war axe
rCold   . . .      Faith    .   c - +0 buckler
rNeg    . . .      Spirit   .   b - +0 scale mail
rPois   .          Reflect  .   (helmet restricted)
rElec   .          Harm     .   r - +0 cloak
rCorr   .          Rampage  .   u - +1 pair of gloves
Will    .....                   w - +1 pair of boots
Stlth   ..........              (no amulet)
HPRegen 0.23/turn               (no ring)
MPRegen 0.11/turn               (no ring)

@: fiery-armoured, studying Crossbows
A: horns 2, retaliatory headbutt
a: Renounce Religion, Fiery Armour, Foxfire Swarm


You were on level 8 of the Dungeon.
You worshipped Ignis.
Ignis was pleased with you.
You visited 2 branches of the dungeon, and saw 9 of its levels.

You collected 426 gold pieces.

Inventory:

Hand Weapons
 a - a +0 war axe (weapon)
Armour
 b - a +0 scale mail (worn)
 c - a +0 buckler (worn)
 r - a +0 cloak (worn)
 u - a +1 pair of gloves (worn)
 w - a +1 pair of boots (worn)
 B - a +0 chain mail
Jewellery
 C - an amulet of faith
Wands
 l - a wand of mindburst (14)
 s - a wand of iceblast (25)
 z - a wand of paralysis (3)
 A - a wand of flame (10)
Scrolls
 e - 2 scrolls of magic mapping
 j - a scroll of fog
 k - 3 scrolls of blinking {unknown}
 n - a scroll of amnesia
 o - 3 scrolls of teleportation
 x - 3 scrolls of vulnerability {unknown}
 y - 2 scrolls of enchant weapon
Potions
 d - a potion of might
 f - a potion of resistance
 g - a potion of cancellation {unknown}
 h - 2 potions of curing {unknown}
 i - 2 potions of flight {unknown}
 p - a potion of magic
 q - 2 potions of lignification {unknown}
 t - 2 potions of ambrosia {unknown}
 v - a potion of heal wounds {unknown}


   Skills:
 + Level 7.8 Fighting
 + Level 11.1 Axes
 + Level 8.5 Armour
 + Level 6.1 Shields


You had 8 spell levels left.
You didn't know any spells.
Your spell library contained the following spells:

 Spells                   Type           Power      Damage    Failure   Level
 Pain                     Necr           0%         1d4       80%         1
 Agony                    Necr           0%         N/A       100%        5
 Excruciating Wounds      Necr           0%         N/A       100%        5


Dungeon Overview and Level Annotations

Branches:
Dungeon (8/15)             Temple (1/1) D:5
   Lair: D:8-11

Altars:
Ashenzari
Cheibriados
Elyvilon
Fedhas
Gozag
Hepliaklqana
Kikubaaqudgha
Nemelex Xobeh
Qazlal
Ru
Uskayaw
Wu Jian
Xom
Zin
Ignis

Shops:
D:4 =


Innate Abilities, Weirdness & Mutations

You have a pair of horns on your head.
You reflexively headbutt those who attack you in melee.


Message History

The orc wizard mumbles some strange words.
The orc wizard flickers and vanishes!
Deactivating autopickup; reactivate with Ctrl-A.
Okay, then.
Magic scrolls do not work when you're silenced!
Unknown command.
You hit the tengu warrior.
The tengu warrior is lightly wounded.
The tengu warrior hits you with a +2 vorpal battleaxe!!
* * * LOW HITPOINT WARNING * * *
x2 You block the tengu warrior's attack.
The tengu warrior claws you but does no damage.
You miss the tengu warrior.
The tengu warrior is lightly wounded.
You block the tengu warrior's attack. The tengu warrior pecks you.
* * * LOW HITPOINT WARNING * * *
The tengu warrior claws you but does no damage.
Your hearing returns.
The tengu conjurer mumbles some strange words.
The tengu conjurer blinks!
A protective cloak of flame settles atop you.
The tengu warrior barely misses you.
The tengu warrior pecks you but does no damage.
The tengu warrior claws you but does no damage.
The tengu warrior is burned by your cloak of flames.
The tengu warrior is lightly wounded.
The tengu conjurer casts a spell.
The tengu conjurer blinks!
The tengu warrior closely misses you. You block the tengu warrior's attack.
The tengu warrior claws you.
* * * LOW HITPOINT WARNING * * *
The tengu warrior is burned by your cloak of flames.
The tengu warrior is lightly wounded.
There is a stone staircase leading up here.
The tengu warrior hits you with a +2 vorpal battleaxe!
* * * LOW HITPOINT WARNING * * *
x2 The tengu warrior is burned by your cloak of flames.
The tengu warrior is moderately wounded.
The tengu warrior pecks you.
You die...

.. #.... ##.# #...#
#.. ##...## #o#
#8...8# #.# ##...#
#o# #..[.####.#
#.####### #..(.).....
#.##....###)..######.
#.#.@##..:))...#
#.#Q##########.#
#...# ... #.### ##.#
#.# .# ### . ..


You could see a tengu warrior.

Vanquished Creatures
  A troll (D:5)
  Prince Ribbit (D:5)
  A wyvern (D:7)
  Menkaure (D:4)
  Duvessa (D:7)
  A water moccasin (D:7)
  2 sky beasts (D:7)
  An ice beast (D:6)
  A black bear (D:5)
  3 ogres
  A necrophage (D:7)
  3 centaurs
  A phantom (D:5)
  A kobold brigand (D:7)
  2 bullfrogs
  A wyvern skeleton (D:6)
  Dowan (D:7)
  A water moccasin skeleton (D:4)
  5 wights (D:7)
  2 orc priests (D:8)
  A hound (D:4)
  2 bullfrog skeletons
  2 centaur zombies
  Ijyb (D:3)
  A centaur skeleton (D:7)
  An iguana (D:4)
  2 orc wizards (D:3)
  A hound skeleton (D:5)
  4 adders
  An ufetubus (D:7)
  2 worms
  2 dart slugs
  10 orcs
  5 ball pythons
  10 endoplasms
  A giant cockroach (D:1)
  12 goblins
  9 hobgoblins
  17 jackals
  12 kobolds
  3 quokkas (D:4)
  4 bats
  3 frilled lizards
  4 rats
141 creatures vanquished.

Vanquished Creatures (others)
  51 foxfires
51 creatures vanquished.

Grand Total: 192 creatures vanquished

Notes
Turn   | Place    | Note
-------+----------+-------------------------------------------
     0 | D:1      | Exodus22XD the Minotaur Fighter began the quest for the
                  | Orb.
     0 | D:1      | Reached XP level 1. HP: 19/19 MP: 0/0
   127 | D:1      | Reached XP level 2. HP: 27/27 MP: 1/1
   669 | D:1      | Reached XP level 3. HP: 29/33 MP: 2/2
   791 | D:2      | Found a faded altar of an unknown god.
   796 | D:2      | Prayed at the altar of an unknown god.
   796 | D:2      | Became a worshipper of Ignis, the Dying Flame
   843 | D:2      | Reached skill level 3 in Axes
  1511 | D:3      | Reached XP level 4. HP: 30/40 MP: 3/3
  1586 | D:3      | Found a shimmering altar of Xom.
  1593 | D:3      | Found a blossoming altar of Fedhas.
  1710 | D:3      | Reached skill level 4 in Axes
  2047 | D:3      | Found a broken altar of Ashenzari.
  2327 | D:3      | Noticed Ijyb
  2331 | D:3      | Paralysed by Ijyb for 3 turns
  2339 | D:3      | Killed Ijyb
  2340 | D:3      | Reached XP level 5. HP: 47/47 MP: 4/4
  2631 | D:4      | Found Ellilua's Jewellery Shop.
  2690 | D:4      | Reached skill level 5 in Axes
  2690 | D:4      | Reached skill level 5 in Armour
  2706 | D:4      | Noticed an ogre
  2707 | D:4      | Noticed an ogre
  2709 | D:4      | Killed an ogre
  2710 | D:4      | Reached skill level 5 in Fighting
  2710 | D:4      | Reached XP level 6. HP: 32/56 MP: 5/5
  2712 | D:4      | Noticed Menkaure
  2714 | D:4      | Reached skill level 6 in Axes
  3300 | D:4      | Killed Menkaure
  3301 | D:4      | Reached XP level 7. HP: 33/61 MP: 6/6
  3532 | D:5      | Entered Level 5 of the Dungeon
  3532 | D:5      | Noticed a troll
  3540 | D:5      | Reached skill level 7 in Axes
  3540 | D:5      | Killed a troll
  3777 | D:5      | Reached skill level 8 in Axes
  3777 | D:5      | Reached skill level 5 in Shields
  3901 | D:5      | Noticed Prince Ribbit
  3954 | D:5      | Killed Prince Ribbit
  3955 | D:5      | Reached XP level 8. HP: 50/70 MP: 7/7
  4104 | D:5      | Found a staircase to the Ecumenical Temple.
  4106 | D:5      | You fall into a shaft and drop 1 floor!
  4175 | Temple   | Entered the Ecumenical Temple
  4481 | D:5      | Found a sacrificial altar of Ru.
  4671 | D:5      | Reached skill level 9 in Axes
  6239 | D:7      | Noticed Duvessa
  6240 | D:7      | Noticed Dowan
  6250 | D:7      | Killed Dowan
  6255 | D:7      | Killed Duvessa
  6256 | D:7      | Reached skill level 10 in Axes
  6297 | D:7      | Reached XP level 9. HP: 30/79 MP: 8/8
  7129 | D:7      | Reached skill level 11 in Axes
  7484 | D:8      | Noticed a tengu conjurer
  7485 | D:8      | Noticed a tengu warrior
  7512 | D:8      | HP: 1/81 [tengu warrior/+2 vorpal battleaxe (4)]
  7512 | D:8      | Slain by a tengu warrior

Illustrated notes

Levels and vault maps discovered:
D:1:      dpeg_arrival_round_b, layout_basic, roderic_lattice_a, minmay_tripent
D:2:      layout_basic, nicolae_ecumenical_pavilion
D:3:      kennysheep_goblin_castle, layout_rooms, lemuel_doored_altar,
          jmf_multi_god_temple
D:4:      layout_rooms, serial_shops, nicolae_stop_n_shop_2, interstate_on_off,
          uniq_menkaure
D:5:      layout_cave_pods, nicolae_ru_the_path_less_chosen,
          minmay_temple_entry_arrows, minmay_manual_mares, uniq_prince_ribbit1
D:6:      layout_layer_cave
D:7:      layout_loops_cross, uniq_duvessa
D:8:      layout_rooms, overflow_temple_1_default, mainiacjoe_overflow_alcove_1,
          nicolae_dithmenos_through_a_glass_darkly, serial_corexii_hall,
          corexii_hall_statues_s, corexii_hall_statues_t
Temple:   jpeg_temple_alley_garden

Skill      XL: |  1  2  3  4  5  6  7  8  9 |
---------------+----------------------------+-----
Fighting       | 4 5 6 7 |  7.8
Armour         | 4 5 6 7 8 |  8.5
Shields        | 4 5 6 |  6.1
Axes           | 3 4 5 6 8 10 11 | 11.1

Action                   |  1- 3 |  4- 6 |  7- 9 || total
-------------------------+-------+-------+-------++-------
Melee: War axe           |    71 |   106 |   155 ||   332
       Headbutt          |    11 |    11 |    32 ||    54
Invok: Foxfire Swarm     |       |     3 |     1 ||     4
       Fiery Armour      |       |     1 |     2 ||     3
       Rising Flame      |       |     1 |       ||     1
  Use: Scroll            |       |       |    10 ||    10
Armor: Scale mail        |    39 |    58 |   130 ||   227
Dodge: Dodged            |    26 |    53 |    68 ||   147
Block: Buckler           |    17 |    24 |    47 ||    88
